 Dungeon Sprint DCSS version 0.21.1-1-g345015f (webtiles) character file.

264 fleezle the Fighter (level 6, -1/62 HPs)
             Began as a Hill Orc Fighter on June 17, 2018.
             Slain by a slime creature (6 damage)
             ... in the Dungeon (Sprint I: "Red Sonja").
             The game lasted 00:03:57 (469 turns).

fleezle the Fighter (Hill Orc Fighter)               Turns: 469, Time: 00:03:57

Health: -1/62      AC:  8    Str: 21    XL:     6   Next: 19%
Magic:  6/6        EV:  9    Int:  8    God:
Gold:   162        SH: 11    Dex: 10    Spells: 5/5 levels left

rFire    . . .     SeeInvis .   a - +0 rapier
rCold    . . .     Gourm    .   c - +0 shield
rNeg     . . .     Faith    .   b - +0 scale mail
rPois    .         Spirit   .   (no helmet)
rElec    .         Reflect  .   (no cloak)
rCorr    .         Harm     .   (no gloves)
MR       .....     NoTele   +   (no boots)
Stlth    ..........             (no amulet)
HPRegen  0.20/turn              (no ring)
MPRegen  0.10/turn              (no ring)

@: no status effects
A: no striking features
a: no special abilities


You were in the Dungeon.
You were not hungry.

You visited 1 branch You collected 162 gold pieces.

Inventory:

Hand Weapons
 a - a +0 rapier (weapon)
 l - a +0 club
 o - a +0 scythe
Armour
 b - a +0 scale mail (worn)
 c - a +0 shield (worn)
 m - a +0 ring mail
 p - a +0 robe
Scrolls
 k - a scroll of blinking
Potions
 d - a potion of might
 e - a potion of curing
 g - a potion of heal wounds
 h - a potion of haste
 i - 2 potions of magic
 j - a potion of berserk rage
Comestibles
 f - a ration
 n - 3 chunks of flesh


   Skills:
 + Level 8.3 Fighting
 + Level 5.0 Short Blades
 + Level 7.6 Armour
 + Level 1.5 Dodging
 + Level 8.2 Shields


You had 5 spell levels left.
You didn't know any spells.

Dungeon Overview and Level Annotations

Branches:
Dungeon (1/1)

Altars:
Makhleb
Xom
Jiyva
Lugonu


Message History

The slime creature is heavily wounded.
The slime creature barely misses you.
You hit the slime creature.
The slime creature is heavily wounded.
The slime creature hits you!!
* * * LOW HITPOINT WARNING * * *
Your shield and scale mail prevent you from hitting the slime creature.
The slime creature is heavily wounded.
The slime creature barely misses you.
You hit the slime creature.
The slime creature is heavily wounded.
You block the slime creature's attack.
You barely miss the slime creature.
The slime creature is heavily wounded.
The slime creature hits you!
* * * LOW HITPOINT WARNING * * *
You hit the slime creature but do no damage.
The slime creature is heavily wounded.
The slime creature hits you.
You die...

###################
#<.#..').#..'..#__#
#..'÷.#..'÷.#..@J.+
#..#####'#####+#__#
#..# #..# ### #..#
#### #..# #⌠⌠# ####


You could see a slime creature.

Vanquished Creatures
  Sigmund (D)
  An ogre (D)
  Ijyb (D)
3 creatures vanquished.

Vanquished Creatures (others)
  A gargoyle (D)
1 creature vanquished.

Grand Total: 4 creatures vanquished

Notes
Turn   | Place    | Note
-------+----------+-------------------------------------------
     0 | D        | fleezle the Hill Orc Fighter began the quest for the Orb.
     0 | D        | Reached XP level 1. HP: 19/19 MP: 1/1
    12 | D        | Noticed Ijyb
    55 | D        | Killed Ijyb
    55 | D        | Reached skill level 5 in Fighting
    55 | D        | Reached XP level 2. HP: 10/29 MP: 2/2
    55 | D        | Reached XP level 3. HP: 12/36 MP: 3/3
   256 | D        | Noticed an ogre
   266 | D        | Killed an ogre
   266 | D        | Reached skill level 5 in Armour
   266 | D        | Reached skill level 1 in Dodging
   266 | D        | Reached XP level 4. HP: 45/45 MP: 4/4
   274 | D        | Noticed Sigmund
   288 | D        | Killed Sigmund
   288 | D        | Reached skill level 5 in Short Blades
   288 | D        | Reached XP level 5. HP: 32/55 MP: 5/5
   288 | D        | Reached XP level 6. HP: 36/62 MP: 6/6
   427 | D        | Killed a gargoyle
   451 | D        | Found a burning altar of Makhleb.
   451 | D        | Found a viscous altar of Jiyva.
   451 | D        | Found a shimmering altar of Xom.
   451 | D        | Found a corrupted altar of Lugonu.
   451 | D        | Noticed a slime creature
   469 | D        | Slain by a slime creature

Skill      XL: |  1  2  3  4 |
---------------+-------------+-----
Fighting       | 5 6 8 |  8.3
Armour         | 4 5 7 |  7.6
Shields        | 4 6 8 |  8.2
Short Blades   | 3 5 |  5.0
Dodging        | 1 |  1.5

Action                   |  1- 3 |  4- 6 || total
-------------------------+-------+-------++-------
Melee: Rapier            |    51 |    30 ||    81
Armor: Scale mail        |    13 |       ||    13
Dodge: Dodged            |    14 |     5 ||    19
Block: Shield            |    17 |    10 ||    27
